 Dungeon Crawl Stone Soup version 0.32-a0-834-geaf45d8e21 (webtiles) character file.

Game seed: 10211010538010173182

137 Klosterheim the Chiller (level 5, -2/36 HPs)
             Began as a Demonspawn Ice Elementalist on Mar 25, 2024.
             Was a Follower of Okawaru.
             Slain by a goblin
             ... wielding a +0 club
              (4 damage)
             ... on level 4 of the Dungeon.
             The game lasted 00:12:19 (3375 turns).

Klosterheim the Chiller (DsIE)                      Turns: 3375, Time: 00:12:19

Health: -2/36      AC:  2    Str:  8    XL:     5   Next: 0%
Magic:  9/9        EV: 16    Int: 17    God:    Okawaru [*.....]
Gold:   283        SH:  0    Dex: 14    Spells: 2/9 levels left

rFire   . . .        g - +0 falchion (protect)
rCold   . . .        (no shield)
rNeg    . . .        a - +0 robe
rPois   .            (no helmet)
rElec   .            (no cloak)
rCorr   .            (no gloves)
SInv    .            (no boots)
Will    .....        (no amulet)
Stlth   ++           i - ring of wizardry
HPRegen 0.26/turn    n - +5 ring of evasion
MPRegen 0.11/turn

%: wizardry (x1)
@: no status effects
A: demonic magic 1, weakness stinger 1
a: Renounce Religion, Heroism


You were on level 4 of the Dungeon.
You worshipped Okawaru.
Okawaru was aware of your devotion.
You visited 1 branch of the dungeon, and saw 4 of its levels.

You collected 283 gold pieces.

Inventory:

Hand Weapons
 g - a +0 falchion of protection (weapon)
Armour
 a - a +0 robe (worn)
Jewellery
 i - a ring of wizardry (left hand)
 n - a +5 ring of evasion (right hand)
Scrolls
 c - a scroll of vulnerability {unknown}
 d - 2 scrolls of identify {unknown}
 f - 2 scrolls of fear
 h - a scroll of brand weapon {unknown}
 j - 2 scrolls of teleportation {unknown}
 k - a scroll of immolation {unknown}
Potions
 b - 2 potions of magic
 e - 3 potions of berserk rage {unknown}
 l - 2 potions of mutation {unknown}
 m - a potion of resistance {unknown}
 o - 2 potions of curing {unknown}


   Skills:
 - Level 0.5 Fighting
 - Level 1.1 Long Blades
 - Level 2.0 Dodging
 - Level 2.0 Stealth
 - Level 0.1 Unarmed Combat
 + Level 2.9 Spellcasting
 + Level 4.8 Ice Magic


You had 2 spell levels left.
You knew the following spells:

 Your Spells              Type           Power      Damage    Failure   Level
a - Freeze                Ice            76%        1d8       1%          1
b - Frozen Ramparts       Ice            38%        1d6       2%          3
c - Ozocubu's Armour      Ice            19%        N/A       2%          3

Your spell library contained the following spells:

 Spells                   Type           Power      Damage    Failure   Level
 Summon Ice Beast         Ice/Summ       Unusable   N/A       N/A         3

Dungeon Overview and Level Annotations

Branches:
Dungeon (4/15)
 Temple: D:4-7

Altars:
Hepliaklqana
Okawaru


Innate Abilities, Weirdness & Mutations

Spells you cast may paralyse adjacent enemies.
You have a small tail.


Message History

The goblin closely misses you. The goblin misses you.
The goblin completely misses you.
The hound barks!
The goblin misses you. The hound bites you but does no damage.
The goblin misses you. The hound closely misses you.
The goblin hits you with a +0 club. The hound completely misses you.
The hound misses you. The goblin barely misses you.
The hound bites you but does no damage. The goblin hits you with a +0 club.
The hound barely misses you. x2; The goblin barely misses you.
The hound barely misses you. The goblin misses you.
The hound completely misses you. The hound barely misses you.
The goblin hits you but does no damage. The hound closely misses you.
The goblin hits you but does no damage.
The hound closely misses you. x2; The goblin completely misses you.
The hound bites you. The goblin hits you with a +0 club.
The hound closely misses you. x2; The goblin closely misses you.
The hound closely misses you. The goblin closely misses you.
The hound misses you. x2; The goblin barely misses you.
The hound closely misses you. The goblin misses you.
The hound bites you but does no damage. The hound bites you.
The goblin hits you with a +0 club. The hound closely misses you.
The goblin barely misses you. The hound bites you. The hound misses you.
The goblin closely misses you. The hound bites you. The goblin misses you.
The hound closely misses you. The hound bites you.
The goblin completely misses you. The hound bites you. The goblin misses you.
The hound completely misses you. The hound misses you.
The goblin hits you with a +0 club.
* * * LOW HITPOINT WARNING * * *
The hound misses you. The goblin hits you with a +0 club.
* * * LOW HITPOINT WARNING * * *
The hound closely misses you. x2; The goblin misses you.
The hound misses you. The goblin closely misses you.
The hound closely misses you. The hound bites you.
* * * LOW HITPOINT WARNING * * *
The goblin hits you with a +0 club.
You die...

# ### ...####.##
.......<.##
..#.##.....######.#
..................#
#...##.....########
..ß.......##
#.....g@.##
##.###h### #. ..
.## ##


You could see a hound and a goblin.

Vanquished Creatures
  A bombardier beetle (D:3)
  Jessica (D:3)
  An adder (D:2)
  A dart slug (D:1)
  11 ball pythons
  9 bats
  6 endoplasms
  4 giant cockroaches
  7 goblins
  6 hobgoblins
  A jackal (D:1)
  2 kobolds
  3 quokkas
  A frilled lizard (D:2)
  6 rats
60 creatures vanquished.

Notes
Turn   | Place    | Note
-------+----------+-------------------------------------------
     0 | D:1      | Klosterheim the Demonspawn Ice Elementalist began the quest
                  | for the Orb.
     0 | D:1      | Reached XP level 1. HP: 13/13 MP: 3/3
   491 | D:1      | Gained mutation: You have a small tail. [demonic ancestry]
   491 | D:1      | Reached XP level 2. HP: 19/19 MP: 0/5
   644 | D:1      | Found a faded altar of an unknown god.
   647 | D:1      | Prayed at the altar of an unknown god.
   647 | D:1      | Became a worshipper of Warmaster Okawaru
   647 | D:1      | Reached * piety under Okawaru
   852 | D:1      | Reached skill level 4 in Ice Magic
  1043 | D:1      | Gained mutation: Spells you cast may paralyse adjacent
                  | enemies. [demonic ancestry]
  1043 | D:1      | Reached XP level 3. HP: 24/24 MP: 6/6
  2121 | D:2      | Reached XP level 4. HP: 28/30 MP: 4/7
  2505 | D:3      | Learned a level 3 spell: Frozen Ramparts
  2606 | D:3      | Learned a level 3 spell: Ozocubu's Armour
  2740 | D:3      | Noticed Jessica
  2741 | D:3      | Found a faded altar of an unknown god.
  2762 | D:3      | Killed Jessica
  2808 | D:3      | Found a hazy altar of Hepliaklqana.
  2989 | D:3      | Reached skill level 1 in Long Blades
  3157 | D:3      | Reached XP level 5. HP: 36/36 MP: 9/9
  3375 | D:4      | Slain by a goblin

Illustrated notes

Levels and vault maps discovered:
D:1:      saegor_arrival_miasma, layout_loops_ring,
          hellmonk_ecumenical_altar_heavens_door, minmay_octomino_e4
D:2:      layout_loops_corners, minmay_misc_feat_more_columns,
          roderic_malta_cross, minivault_4
D:3:      layout_loops_corners, beargit_hepliaklqana_dungeon_heroes,
          mainiacjoe_overflow_24_doors, corexii_hall_statues_x,
          chequers_serial_rivers_micro_c, hangedman_decor_points
D:4:      layout_loops_cross, mainiacjoe_overflow_surrounded_room,
          kennysheep_little_box, minmay_misc_feat_four_crosses, uniq_natasha

Skill      XL: |  1  2  3  4 |
---------------+-------------+-----
Stealth        | 2 |  2.0
Ice Magic      | 4 |  4.8
Dodging        | 2 |  2.0
Long Blades    | 1 |  1.1
Fighting       | |  0.5
Unarmed Combat | |  0.1
Spellcasting   | |  2.9

Action                     |  1- 3 |  4- 6 || total
---------------------------+-------+-------++-------
  Melee: Unarmed           |    37 |       ||    37
         Falchion          |    54 |    23 ||    77
         Tailslap          |     4 |     1 ||     5
   Cast: Freeze            |    51 |     2 ||    53
         Frozen Ramparts   |       |     2 ||     2
    Use: Scroll            |     1 |       ||     1
   Stab: Sleeping          |     4 |     3 ||     7
         Paralysed         |     1 |     2 ||     3
 Armour: Robe              |    86 |    26 ||   112
  Dodge: Dodged            |    93 |    62 ||   155

Table legend: (Time is in decaauts)
 A = Elapsed time spent in this place.
 B = Non-inter-level travel time spent in this place.
 C = Inter-level travel time spent in this place.
 D = Time resting spent in this place.
 E = Time spent auto-exploring this place.
 F = Levels seen in this place.
 G = Mean time per level.
                   A        B        C        D        E       F      G
               +--------+--------+--------+--------+--------+-----+--------+
         Total |   3396 |   3183 |    213 |    200 |   2454 |   4 |  849.0 |
       Dungeon |   3396 |   3183 |    213 |    200 |   2454 |   4 |  849.0 |
               +--------+--------+--------+--------+--------+-----+--------+

Top non-repeatable levels by time:
     D:1: 1328 daAuts
     D:3: 1058 daAuts
     D:2: 963 daAuts
     D:4: 45 daAuts
